 Dungeon Crawl Stone Soup version 0.30-a0-174-gbc10bd73c2 (webtiles) character file.

Game seed: 9939777688018341763

919 qw the Chopper (level 8, -3/48 HPs)
             Began as a Gargoyle Fighter on Oct 1, 2022.
             Was an Initiate of Okawaru.
             Killed from afar by a gargoyle (16 damage)
             ... with a stone arrow
             ... on level 5 of the Dungeon.
             The game lasted 00:01:47 (4012 turns).

qw the Chopper (Gargoyle Fighter)                   Turns: 4012, Time: 00:01:48

Health: -3/48      AC: 18    Str: 22    XL:     8   Next: 9%
Magic:  6/8        EV:  3    Int:  9    God:    Okawaru [......]
Gold:   309        SH: 12    Dex:  9    Spells: 7/7 levels left

rFire   . . .      SeeInvis .    Y - +1 war axe
rCold   . . .      Faith    .    a - +0 tower shield
rNeg    + . .      Spirit   .    h - +0 plate armour
rPois   inf        Reflect  .    g - +0 helmet
rElec   +          Harm     .    (no cloak)
rCorr   .          Rampage  .    (no gloves)
Will    .....                    (no boots)
Stlth   ..........               (no amulet)
HPRegen 0.28/turn                (no ring)
MPRegen 0.11/turn                (no ring)

@: no status effects
A: sickness immunity, AC +5, negative energy resistance 1, electricity
resistance, torment resistance 1, petrification resistance
a: Renounce Religion


You were on level 5 of the Dungeon.
You worshipped Okawaru.
Okawaru was noncommittal.
You visited 2 branches of the dungeon, and saw 6 of its levels.

You collected 309 gold pieces.


Innate Abilities, Weirdness & Mutations

You are immune to sickness and miasma.
Your stone body is resilient. (AC +5)
You are immune to poison.
You resist negative energy. (rN+)
You are resistant to electric shocks. (rElec)
You are resistant to unholy torment.
You are immune to petrification.


   Skills:
 - Level 4.1 Fighting
 - Level 6.6 Axes
 - Level 4.6 Armour
 + Level 5.6 Shields


You had 7 spell levels left.
You didn't know any spells.
Your spell library was empty.

Inventory:

Hand Weapons
 b - a +2 flail of protection
 Y - a +1 war axe (weapon)
Armour
 a - a +0 tower shield (worn)
 g - a +0 helmet (worn)
 h - a +0 plate armour (worn)
Scrolls
 l - a scroll of identify
Potions
 d - 2 potions of might
 f - a potion of attraction {unknown}
 j - a potion of ambrosia {unknown}
 k - a potion of flight {unknown}
 m - a potion of invisibility {unknown}
 n - a potion of lignification
 q - a potion of magic {unknown}
 r - a potion of experience {unknown}

Dungeon Overview and Level Annotations

Branches:
Dungeon (5/15)             Temple (1/1) D:5

Altars:
Ashenzari
Dithmenos
Elyvilon
Fedhas
Hepliaklqana
Kikubaaqudgha
Nemelex Xobeh
Okawaru
Qazlal
Ru
Sif Muna
Trog
Uskayaw
Vehumet
Wu Jian
Xom
Yredelemnul
Zin
The Shining One


Message History

The gargoyle is severely damaged.
The gargoyle hurls a stone arrow at you.
The stone arrow hits you!!
4004 ||| INVOKING Heroism.
You gain the combat prowess of a mighty hero.
The gargoyle hurls a stone arrow at you.
The stone arrow hits you but does no damage.
You barely miss the gargoyle.
The gargoyle is severely damaged.
You block the gargoyle's attack.
The gargoyle hits you with a +0 morningstar!
You hit the gargoyle but do no damage.
The gargoyle is severely damaged.
The gargoyle hits you with a +0 morningstar!
4007 ||| DRINKING potion of heal wounds.
You feel much better.
The gargoyle hurls a stone arrow at you.
The stone arrow hits you.
You hit the gargoyle.
The gargoyle is almost destroyed.
The gargoyle hits you but does no damage.
You can no longer gain great but temporary skills.
You closely miss the gargoyle.
The gargoyle is almost destroyed.
The gargoyle completely misses you.
You barely miss the gargoyle.
The gargoyle is almost destroyed.
The gargoyle hits you with a +0 morningstar.
You hit the gargoyle.
The gargoyle is almost destroyed.
The gargoyle hurls a stone arrow at you.
The stone arrow hits you!
You hit the gargoyle but do no damage.
The gargoyle is almost destroyed.
You feel like a meek peon again.
The gargoyle hurls a stone arrow at you.
You block the stone arrow.
The gargoyle hurls a stone arrow at you.
The stone arrow hits you!
You die...

#.# #.###..##..# #.###.#
#..##..# .
#...#.###......# ..
###.#..........#####...
#.#..................
#.######.#........>..
#.# #.###.......# #.#
#.# ##.####.#..
###.######.# #$@9.....#
.....................###
###...:....#########.#
#.######## # ###


You could see a gargoyle.

Vanquished Creatures
  Duvessa (D:5)
  A water moccasin (D:5)
  An ogre (D:5)
  A phantom (D:5)
  Blork the orc (D:4)
  A scorpion (D:5)
  Dowan (D:5)
  A jelly (D:4)
  3 orc priests (D:5)
  2 iguanas (D:4)
  3 orc wizards (D:5)
  A gnoll (D:1)
  3 adders
  3 worms
  2 dart slugs
  7 orcs
  6 ball pythons
  10 endoplasms
  3 giant cockroaches
  14 goblins
  5 hobgoblins
  2 jackals (D:1)
  5 quokkas
  12 bats
  4 frilled lizards
  8 kobolds
  6 rats
107 creatures vanquished.

Notes
Turn   | Place    | Note
-------+----------+-------------------------------------------
     0 | D:1      | qw the Gargoyle Fighter began the quest for the Orb.
     0 | D:1      | Reached XP level 1. HP: 14/14 MP: 1/1
     0 | D:1      | 0 ||| qw: Version: 0.2-a-13-gfc7b4b4
     0 | D:1      | 0 ||| qw: Game counter: 1888
     0 | D:1      | 0 ||| qw: Always use a shield: true
     0 | D:1      | 0 ||| qw: God list: Okawaru
     0 | D:1      | 0 ||| qw: Allow faded altars: false
     0 | D:1      | 0 ||| qw: Do Orc after D:15 true
     0 | D:1      | 0 ||| qw: Do second Lair branch before Depths: true
     0 | D:1      | 0 ||| qw: Lair rune preference: random
     0 | D:1      | 0 ||| qw: Plans: Normal, Zot:1-4, God:TSO, Crypt, Tomb,
                  | Pan, Slime:5, Hells, Abyss, Orb
     0 | D:1      | 0 ||| PLANNING D:1-11
    36 | D:1      | Reached skill level 2 in Axes
    89 | D:1      | Reached XP level 2. HP: 19/19 MP: 2/2
   271 | D:1      | Reached skill level 3 in Axes
   305 | D:1      | 305 ||| Stepping ~*~*~tactically~*~*~ (stealth).
   310 | D:1      | Reached XP level 3. HP: 23/23 MP: 3/3
   364 | D:1      | 364 ||| DROPPING +0 club.
   478 | D:1      | 478 ||| Stepping ~*~*~tactically~*~*~ (stealth).
   487 | D:1      | 487 ||| Stepping ~*~*~tactically~*~*~ (hiding).
   520 | D:1      | 520 ||| Stepping ~*~*~tactically~*~*~ (stealth).
   526 | D:1      | 526 ||| Stepping ~*~*~tactically~*~*~ (stealth).
   531 | D:1      | 531 ||| Stepping ~*~*~tactically~*~*~ (stealth).
   532 | D:1      | 532 ||| Stepping ~*~*~tactically~*~*~ (stealth).
   533 | D:1      | 533 ||| Stepping ~*~*~tactically~*~*~ (stealth).
   542 | D:1      | 542 ||| Stepping ~*~*~tactically~*~*~ (stealth).
   773 | D:1      | 773 ||| UPGRADING to +0 plate armour.
   783 | D:1      | 783 ||| DROPPING +0 scale mail.
   784 | D:1      | 784 ||| READING scroll labelled EGU JYXENKA.
   885 | D:1      | 885 ||| READING scroll labelled HEUWNOAMO.
   886 | D:1      | 886 ||| READING scroll labelled URYOKH COFANIE.
   887 | D:1      | 887 ||| READING scroll labelled LETEUSI UNEST.
   888 | D:1      | 888 ||| DRINKING 3 fuming amethyst potions.
   906 | D:2      | 906 ||| Stepping ~*~*~tactically~*~*~ (stealth).
   913 | D:2      | Reached XP level 4. HP: 28/28 MP: 4/4
  1142 | D:2      | Found a faded altar of an unknown god.
  1297 | D:2      | Reached skill level 4 in Axes
  1580 | D:2      | 1580 ||| READING scroll labelled QITWOKI HYECH.
  1699 | D:3      | 1699 ||| Stepping ~*~*~tactically~*~*~ (stealth).
  2049 | D:3      | Found a broken altar of Ashenzari.
  2052 | D:3      | Found an ornate altar of the Wu Jian Council.
  2057 | D:3      | Found a glowing silver altar of Zin.
  2141 | D:3      | 2141 ||| READING scroll labelled FAENOSHRYWO.
  2142 | D:3      | 2142 ||| READING scroll labelled PEDORGH UTYGIH.
  2143 | D:3      | 2143 ||| READING scroll labelled BESTIH PICK.
  2144 | D:3      | 2144 ||| READING 2 scrolls labelled CIAPLETEITS.
  2145 | D:3      | 2145 ||| DROPPING scroll of fear.
  2229 | D:4      | Reached XP level 5. HP: 28/32 MP: 5/5
  2281 | D:4      | Noticed Blork the orc
  2287 | D:4      | Killed Blork the orc
  2288 | D:4      | Reached skill level 5 in Axes
  2347 | D:4      | 2347 ||| Stepping ~*~*~tactically~*~*~ (stealth).
  2348 | D:4      | 2348 ||| Stepping ~*~*~tactically~*~*~ (stealth).
  2398 | D:4      | 2398 ||| DROPPING +0 whip.
  2418 | D:4      | 2418 ||| DROPPING +0 flail.
  2442 | D:4      | Found a radiant altar of Vehumet.
  2586 | D:4      | 2586 ||| Stepping ~*~*~tactically~*~*~ (stealth).
  2587 | D:4      | 2587 ||| Stepping ~*~*~tactically~*~*~ (stealth).
  2591 | D:4      | 2591 ||| Stepping ~*~*~tactically~*~*~ (stealth).
  2592 | D:4      | 2592 ||| Stepping ~*~*~tactically~*~*~ (stealth).
  2593 | D:4      | 2593 ||| Stepping ~*~*~tactically~*~*~ (stealth).
  2594 | D:4      | 2594 ||| Stepping ~*~*~tactically~*~*~ (stealth).
  2597 | D:4      | 2597 ||| Stepping ~*~*~tactically~*~*~ (stealth).
  2598 | D:4      | 2598 ||| Stepping ~*~*~tactically~*~*~ (stealth).
  2604 | D:4      | 2604 ||| Stepping ~*~*~tactically~*~*~ (stealth).
  2609 | D:4      | Reached XP level 6. HP: 19/38 MP: 6/6
  2925 | D:4      | 2925 ||| UPGRADING to +0 helmet.
  2930 | D:4      | 2930 ||| READING scroll labelled DEWACZ BYURA.
  2931 | D:4      | 2931 ||| READING scroll labelled VUUNAF KIFU.
  2932 | D:4      | 2932 ||| READING 2 scrolls labelled XIFFOC VEAT.
  2976 | D:5      | Entered Level 5 of the Dungeon
  3159 | D:5      | Noticed a water moccasin
  3169 | D:5      | HP: 4/38 [water moccasin (6)]
  3170 | D:5      | 3170 ||| READING scroll of teleportation.
  3171 | D:5      | 3171 ||| DRINKING 3 potions of heal wounds.
  3174 | D:5      | Killed a water moccasin
  3175 | D:5      | Reached skill level 6 in Axes
  3175 | D:5      | Reached XP level 7. HP: 26/43 MP: 7/7
  3240 | D:5      | 3240 ||| Stepping ~*~*~tactically~*~*~ (stealth).
  3247 | D:5      | 3247 ||| Stepping ~*~*~tactically~*~*~ (stealth).
  3287 | D:5      | 3287 ||| DROPPING +1 flail of protection.
  3400 | D:5      | Found a staircase to the Ecumenical Temple.
  3401 | D:5      | 3401 ||| PLANNING TEMPLE
  3401 | D:5      | 3401 ||| FLEEEEING.
  3402 | D:5      | 3402 ||| FLEEEEING.
  3403 | D:5      | 3403 ||| FLEEEEING.
  3411 | D:5      | 3411 ||| FLEEEEING.
  3412 | D:5      | 3412 ||| FLEEEEING.
  3413 | D:5      | 3413 ||| FLEEEEING.
  3420 | D:5      | 3420 ||| DRINKING 3 potions of curing.
  3420 | D:5      | 3420 ||| (to cure confusion)
  3423 | D:5      | 3423 ||| FLEEEEING.
  3424 | D:5      | 3424 ||| FLEEEEING.
  3425 | D:5      | 3425 ||| FLEEEEING.
  3426 | D:5      | 3426 ||| FLEEEEING.
  3427 | D:5      | 3427 ||| FLEEEEING.
  3428 | D:5      | 3428 ||| DRINKING 2 potions of curing.
  3428 | D:5      | 3428 ||| (to cure confusion)
  3429 | D:5      | 3429 ||| DRINKING potion of curing.
  3429 | D:5      | 3429 ||| (to cure confusion)
  3430 | D:5      | 3430 ||| FLEEEEING.
  3431 | D:5      | 3431 ||| FLEEEEING.
  3432 | D:5      | 3432 ||| FLEEEEING.
  3433 | D:5      | 3433 ||| FLEEEEING.
  3446 | D:5      | 3446 ||| FLEEEEING.
  3447 | D:5      | 3447 ||| FLEEEEING.
  3448 | D:5      | 3448 ||| FLEEEEING.
  3449 | D:5      | 3449 ||| FLEEEEING.
  3450 | D:5      | 3450 ||| FLEEEEING.
  3451 | D:5      | 3451 ||| FLEEEEING.
  3452 | D:5      | 3452 ||| STAIRDANCE
  3454 | D:4      | 3454 ||| UPGRADING to +0 tower shield.
  3464 | D:4      | 3464 ||| DROPPING +0 buckler.
  3465 | D:4      | 3465 ||| DRINKING 2 fuming golden potions.
  3514 | D:5      | 3514 ||| FLEEEEING.
  3515 | D:5      | 3515 ||| STAIRDANCE
  3522 | D:5      | 3522 ||| STAIRDANCE
  3583 | Temple   | Entered the Ecumenical Temple
  3584 | Temple   | 3584 ||| PLANNING OKAWARU WORSHIP
  3639 | Temple   | Became a worshipper of Warmaster Okawaru
  3640 | Temple   | 3640 ||| PLANNING D:1-11
  3747 | D:5      | Found an ancient bone altar of Kikubaaqudgha.
  3747 | D:5      | Noticed Duvessa
  3747 | D:5      | Noticed Dowan
  3748 | D:5      | 3748 ||| Stepping ~*~*~tactically~*~*~ (stealth).
  3758 | D:5      | Killed Duvessa
  3762 | D:5      | Killed Dowan
  3833 | D:5      | Found a blossoming altar of Fedhas.
  3895 | D:5      | Reached * piety under Okawaru
  3896 | D:5      | Reached XP level 8. HP: 45/48 MP: 8/8
  3991 | D:5      | Noticed a gargoyle
  3994 | D:5      | 3994 ||| INVOKING Heroism.
  3996 | D:5      | HP: 9/48 [gargoyle/stone arrow (13)]
  3997 | D:5      | 3997 ||| DRINKING 2 potions of heal wounds.
  4004 | D:5      | 4004 ||| INVOKING Heroism.
  4006 | D:5      | HP: 6/48 [gargoyle/+0 morningstar (12)]
  4007 | D:5      | 4007 ||| DRINKING potion of heal wounds.
  4012 | D:5      | Killed from afar by a gargoyle

Levels and vault maps discovered:
D:1:      wander_arrival_estate, layout_loops_ring, minmay_three_crescents
D:2:      layout_loops_ring, shapermc_ecumenical_altar_hornbeckon
D:3:      layout_basic, grunt_temple_overflow_diamond
D:4:      layout_basic, nicolae_overflow_crystal_walls, st_stairs_2,
          uniq_blork_the_orc
D:5:      layout_basic, grunt_temple_overflow_growth_and_decay,
          minmay_temple_entry_proselytizer, ebering_ghost_inner_flame,
          minmay_ogre_servants, uniq_duvessa
Temple:   cyrus_circular_temple

Skill      XL: |  1  2  3  4  5  6  7 |
---------------+----------------------+-----
Axes           | 2 3 4 5 6 |  6.6
Fighting       | 4 |  4.1
Armour         | 4 |  4.6
Shields        | 5 |  5.6

Action                   |  1- 3 |  4- 6 |  7- 9 || total
-------------------------+-------+-------+-------++-------
Melee: War axe           |    79 |   137 |    97 ||   313
Throw: Boomerang         |    31 |    35 |       ||    66
Invok: Heroism           |       |       |     2 ||     2
  Use: Scroll            |     4 |     9 |       ||    13
       Potion            |     1 |     1 |     6 ||     8
 Stab: Distracted        |       |     1 |       ||     1
Armor: Scale mail        |    36 |       |       ||    36
       Plate armour      |     7 |    80 |    56 ||   143
Dodge: Dodged            |    33 |    28 |    15 ||    76
Block: Buckler           |     9 |    20 |     9 ||    38
       Tower shield      |       |       |    38 ||    38

Table legend:
 A = Non-vault XP
 B = Vault XP
 C = Vault XP percentage of total XP
 D = Non-vault monster count
 E = Vault monster count
 F = Vault count percentage of total count
                 A         B        C        D         E       F
            +---------+---------+-------+---------+---------+-------
      Total |     769 |     544 |  41.4 |      86 |      21 |  19.6
            +---------+---------+-------+---------+---------+-------
        D:1 |      53 |      23 |  30.3 |      31 |       6 |  16.2
        D:2 |      28 |       0 |   0.0 |      15 |       0 |   0.0
        D:3 |      34 |       0 |   0.0 |      12 |       0 |   0.0
        D:4 |     138 |     135 |  49.5 |      15 |       3 |  16.7
        D:5 |     516 |     386 |  42.8 |      13 |      12 |  48.0
            +---------+---------+-------+---------+---------+-------
